Map: Orbital Shipyard

Players

Miszu - Winner!

  • Race: Terran Terran
  • League: Grandmaster

llllllllllll

  • Race: Protoss Protoss
  • League: Master

VOD

Have the link to the VOD?

Description

Time

  • Played on: Feb. 8, 2016, 10:35 a.m.
  • Length: 3:59
Show
View Real Time Build Order
Export as new Build Order

Miszu Terran - Winner!

Build Orders:  

Get SALT Encoding   

  12  0:01  SCV  
  13  0:13  SCV  
  14  0:20  Supply Depot  
  14  0:25  SCV  
  15  0:41  SCV  
  16  0:45  Barracks  
  16  0:47  Refinery  
  16  0:53  SCV  
  17  1:06  SCV  
  18  1:18  SCV  
  19  1:31  Orbital Command  
  19  1:34  Barracks Reactor  
  19  1:42  Command Center  
  19  1:52  Supply Depot  
  19  1:57  SCV  
  20  2:10  SCV  
  20  2:11  Factory  
  20  2:13  Marine x2  
  23  2:22  SCV  
  24  2:31  Marine x2  
  24  2:34  SCV  
  27  2:46  SCV  
  28  2:57  Factory  
  28  2:58  SCV  
  28  2:59  Orbital Command  
  28  3:04  Hellion x2  
  33  3:11  SCV  
  34  3:18  Barracks Reactor  
  34  3:23  SCV  
  34  3:26  Hellion x2  
  39  3:27  SCV  
  39  3:29  Supply Depot  
  40  3:35  SCV  
  40  3:39  SCV  
  42  3:45  Factory  
Show
View Real Time Build Order
Export as new Build Order

llllllllllll Protoss 

Build Orders: 1 Gate Expand 

Get SALT Encoding   

  12  0:01  Probe (Chrono Boost)  
  13  0:11  Probe (Chrono Boost)  
  14  0:19  Pylon  
  14  0:23  Probe (Chrono Boost)  
  15  0:37  Probe (Chrono Boost)  
  15  0:38  Gateway  
  15  0:42  Assimilator  
  16  0:48  Probe (Chrono Boost)  
  17  0:58  Probe (Chrono Boost)  
  18  1:09  Probe (Chrono Boost)  
  19  1:20  Nexus  
  19  1:30  Cybernetics Core  
  19  1:32  Probe (Chrono Boost)  
  20  1:41  Assimilator  
  20  1:42  Probe (Chrono Boost)  
  21  1:55  Pylon  
  21  1:56  Probe (Chrono Boost)  
  22  2:06  Probe (Chrono Boost)  
  23  2:13  Adept (Chrono Boost)  
  25  2:20  Probe  
  26  2:27  Robotics Facility  
  26  2:32  Probe x2  
  28  2:38  Adept (Chrono Boost)  
  28  2:43  Probe  
  30  2:44  Probe  
  32  2:54  Probe (Chrono Boost)  
  32  2:57  Probe (Chrono Boost)  
  34  3:05  Probe (Chrono Boost)  
  35  3:08  Probe (Chrono Boost)  
  36  3:13  Warp Prism (Chrono Boost)  
  36  3:15  Probe  
  36  3:19  Gateway  
  39  3:20  Gateway  
  39  3:22  Gateway, Probe  
  40  3:28  Probe  
  40  3:31  Twilight Council  
  41  3:36  Probe  
  41  3:37  Assimilator  
  41  3:40  Probe  
  42  3:42  Pylon  
  42  3:46  Pylon  
Tags
 
Add a new tag
Caveats
  • Supply blocks, unpowered buildings, or Contaminate may cause inaccurate times.
  • Supply counts are checked every 10 seconds.